 Dungeon Crawl Stone Soup version 0.31.0-32-g396128a36d (webtiles) character file.

Game seed: 17591514327619814445

1327 Tovical the Chucker (level 8, -3/44 HPs)
             Began as a Gargoyle Gladiator on Mar 23, 2024.
             Was a Follower of Okawaru.
             Slain by an orc warrior
             ... wielding a +2 battleaxe of venom
              (14 damage)
             ... on level 6 of the Dungeon.
             The game lasted 00:22:57 (5861 turns).

Tovical the Chucker (Gargoyle Gladiator)            Turns: 5861, Time: 00:22:57

Health: -3/44      AC: 13    Str: 19    XL:     8   Next: 60%
Magic:  8/8        EV:  8    Int:  8    God:    Okawaru [*.....]
Gold:   346        SH:  0    Dex: 13    Spells: 7/7 levels left

rFire   . . .        a - +2 hand axe (flame)
rCold   . . .        (no shield)
rNeg    + . .        q - +0 chain mail
rPois   ∞            (no helmet)
rElec   +            (no cloak)
rCorr   .            (no gloves)
SInv    .            (no boots)
Will    .....        p - amulet of the acrobat Stlth
                     (no ring)
HPRegen 0.27/turn    (no ring)
MPRegen 0.11/turn

%: acrobat
@: studying Axes
A: sickness immunity, AC +5, negative energy resistance 1, electricity
resistance, torment resistance 1, petrification resistance
a: Renounce Religion, Heroism


You were on level 6 of the Dungeon.
You worshipped Okawaru.
Okawaru was aware of your devotion.
You visited 2 branches of the dungeon, and saw 8 of its levels.

You collected 346 gold pieces.

Inventory:

Hand Weapons
 a - a +2 hand axe of flaming (weapon)
 b - a +0 war axe
Missiles
 d - 3 throwing nets
 h - 7 boomerangs (quivered)
Armour
 c - a +0 helmet
 e - a +0 helmet
 g - a +0 pair of gloves
 q - a +0 chain mail (worn)
Jewellery
 p - an amulet of the acrobat (around neck)
Wands
 i - a wand of mindburst (18)
Scrolls
 k - 4 scrolls of teleportation
 r - 3 scrolls of blinking
Potions
 f - a potion of mutation
 j - a potion of ambrosia
 l - a potion of resistance
 m - a potion of curing
 n - a potion of attraction {unknown}
 s - a potion of might {unknown}


   Skills:
 - Level 2.1 Fighting
 + Level 6.2(7.2) Axes
 - Level 6.0(7.5) Maces & Flails
 + Level 6.8 Throwing
 - Level 2.4 Dodging


You had 7 spell levels left.
You didn't know any spells.
Your spell library was empty.

Dungeon Overview and Level Annotations

Branches:
Dungeon (7/15)             Temple (1/1) D:5

Altars:
Cheibriados
Dithmenos
Hepliaklqana
Kikubaaqudgha
Makhleb
Nemelex Xobeh
Okawaru
Qazlal
Ru
Sif Muna
Trog
Uskayaw
Vehumet
Wu Jian
Xom
Yredelemnul

Shops:
D:2 [   D:3 (


Innate Abilities, Weirdness & Mutations

You are immune to sickness and miasma.
Your stone body is resilient. (AC +5)
You are immune to poison.
You resist negative energy. (rN+)
You are resistant to electric shocks. (rElec)
You are resistant to unholy torment.
You are immune to petrification.


Message History

You hit the orc warrior but do no damage.
The orc warrior is heavily wounded.
The orc warrior barely misses you.
You hit the orc warrior. You burn the orc warrior.
The orc warrior is severely wounded.
The orc warrior hits you but does no damage.
You closely miss the orc warrior.
The orc warrior is severely wounded.
The orc warrior closely misses you.
You barely miss the orc warrior.
The orc warrior is severely wounded.
You hit the orc. You burn the orc.
The orc warrior hits you with a +2 battleaxe of venom.
The orc hits you but does no damage.
You are too injured to fight recklessly!
You are too injured to fight recklessly!
You are too injured to fight recklessly!
You barely miss the orc warrior. Your punch misses the orc warrior.
The orc warrior is severely wounded.
You closely miss the orc. The orc warrior completely misses you.
The orc closely misses you.
You closely miss the orc warrior.
The orc warrior is severely wounded.
You hit the orc. You burn the orc.
You kill the orc!
Okawaru accepts your kill.
The orc warrior hits you with a +2 battleaxe of venom.
You hit the orc warrior. You burn the orc warrior.
The orc warrior is almost dead.
The orc warrior closely misses you.
You barely miss the orc warrior.
The orc warrior is almost dead.
The orc warrior hits you with a +2 battleaxe of venom!
* * * LOW HITPOINT WARNING * * *
You hit the orc warrior but do no damage.
The orc warrior is almost dead.
You barely miss the orc warrior.
The orc warrior is almost dead.
The orc warrior hits you with a +2 battleaxe of venom!
You die...

##)# #.# #..###.## #### #.# #.#
##..##..# ##... #.###.#
##.###.####.... #.oo.<#
#..##..##..... ## #.o####
##.#.......... ..## ##..#
#######...##...##.# ....##...#
#.....<..#####.##.# #.......##
####.))...#..# #.##..
###...#.####....@o.†.##.#
##....#
##..g......##....####.###.....#
#.......#.....#### #.(...###.#
##........#### ######..#####.#
#.)##...... ...............
#.##.......# ########.<..... !.
#..##.. #..........##.# )## ..#
..######.#.##.# .. .# #.#....#


You could see an orc warrior.

Vanquished Creatures
  A water moccasin (D:5)
  An ice beast (D:6)
  An ogre (D:3)
  A bullfrog (D:6)
  3 scorpions
  2 howler monkeys (D:3)
  2 hounds
  2 orc priests (D:5)
  A bombardier beetle (D:5)
  An iguana (D:3)
  2 sleepcaps (D:5)
  Natasha (D:3)
  A gnoll bouda (D:5)
  2 orc wizards (D:6)
  24 gnolls
  2 adders
  A shadow imp (D:5)
  A white imp (D:5)
  2 dart slugs
  2 ribbon worms
  22 orcs
  8 endoplasms
  6 giant cockroaches
  5 hobgoblins
  19 jackals
  7 quokkas
  4 ball pythons
  4 bats (D:1)
  6 frilled lizards
  3 goblins
  9 kobolds
  2 rats (D:2)
  A spectral goblin (D:1)
149 creatures vanquished.

Notes
Turn   | Place    | Note
-------+----------+-------------------------------------------
     0 | D:1      | Tovical the Gargoyle Gladiator began the quest for the Orb.
     0 | D:1      | Reached XP level 1. HP: 12/12 MP: 1/1
   155 | D:1      | You fall into a shaft and drop 1 floor!
   164 | D:2      | Found a basalt altar of Yredelemnul.
   259 | D:1      | Reached XP level 2. HP: 14/17 MP: 2/2
   303 | D:1      | Found a faded altar of an unknown god.
   484 | D:1      | Reached XP level 3. HP: 21/21 MP: 3/3
   944 | D:2      | Reached XP level 4. HP: 26/26 MP: 4/4
   987 | D:2      | Found Togoucaeh's Antique Armour Shoppe.
  1631 | D:3      | Reached XP level 5. HP: 28/30 MP: 5/5
  1747 | D:3      | Found Vaxked's Antique Weapon Emporium.
  2286 | D:3      | Noticed Natasha
  2550 | D:3      | Noticed an ogre
  2581 | D:3      | Killed an ogre
  2582 | D:3      | Reached skill level 5 in Maces & Flails
  2582 | D:3      | Reached XP level 6. HP: 11/35 MP: 6/6
  2704 | D:3      | Identified the +1 robe "Gizxuoc" {Rampage}
  2928 | D:3      | Reached XP level 7. HP: 40/40 MP: 7/7
  3238 | D:3      | Killed Natasha
  3239 | D:3      | Reached skill level 5 in Throwing
  3333 | D:5      | Entered Level 5 of the Dungeon
  4099 | D:5      | Reached skill level 1 in Axes
  4569 | D:5      | Found a staircase to the Ecumenical Temple.
  4578 | Temple   | Entered the Ecumenical Temple
  4589 | Temple   | Became a worshipper of Warmaster Okawaru
  4889 | D:5      | Reached XP level 8. HP: 36/44 MP: 8/8
  5497 | D:6      | Reached skill level 5 in Axes
  5589 | D:6      | Reached * piety under Okawaru
  5861 | D:6      | Slain by an orc warrior

Illustrated notes

Levels and vault maps discovered:
D:1:      amcnicky_arrival_double_pillar, layout_basic,
          dreamdust_ecumenical_altar_drowned_temple, chequers_mini_garden
D:2:      layout_loops_ring, basic_altar, serial_shops,
          nicolae_shop_real_fake_doors
D:3:      lemuel_castle_with_subvaults [lemuel_castle_interior_carwin_2],
          layout_basic, serial_shops, nicolae_shop_peninsula,
          minmay_splitting_lines, uniq_natasha
D:4:      layout_cave_pods
D:5:      layout_loops_ring, temple_hall
D:6:      layout_rooms, gammafunk_temple_overflow_wave
D:7:      minmay_bubble_buster, layout_basic, uniq_duvessa
Temple:   nicolae_temple_superstar

Skill      XL: |  1  2  3  4  5  6  7  8 |
---------------+-------------------------+-----
Throwing       | 2 3 4 6 |  6.8
Maces & Flails | 4 5 6 |  6.0
Axes           | 4 6 |  6.2
Fighting       | |  2.1
Dodging        | |  2.4

Action                     |  1- 3 |  4- 6 |  7- 9 || total
---------------------------+-------+-------+-------++-------
  Melee: Flail             |   123 |   182 |       ||   305
         Punch             |     1 |     1 |     3 ||     5
         Hand axe          |       |    12 |   233 ||   245
  Throw: Javelin           |     1 |     1 |       ||     2
         Throwing net      |       |     3 |       ||     3
         Boomerang         |       |       |    18 ||    18
  Evoke: Wand              |       |       |    22 ||    22
    Use: Scroll            |       |    10 |     4 ||    14
         Potion            |       |       |     2 ||     2
   Stab: Held in net/web   |       |     2 |       ||     2
 Armour: Leather armour    |    70 |    10 |       ||    80
         Ring mail         |       |    22 |       ||    22
         Chain mail        |       |   115 |   182 ||   297
  Dodge: Dodged            |    82 |   183 |   102 ||   367
